 Dungeon Crawl Stone Soup version 0.14-a0-1361-g0512ea0 (webtiles) character file.

1246 4tharraofdagon the Slasher (level 8, -5/72 HPs)
             Began as a Deep Elf Berserker on Dec 7, 2013.
             Was a Priest of Trog.
             Slain by Erolcha
             ... wielding a cursed -1,+0 giant club
              (19 damage)
             ... on Level 8 of the Dungeon.
             The game lasted 00:08:25 (1482 turns).

4tharraofdagon the Slasher (Deep Elf Berserker)     Turns: 1482, Time: 00:08:25

HP  -5/72        AC 12     Str 21      XL: 8   Next: 10%
MP  19/19        EV  7     Int 13      God: Trog [***...]
Gold 147         SH  0     Dex 14      Spells:  0 memorised,  7 levels left

rFire  . . .     SeeInvis .     a - +0 elf falchion
rCold  . . .     Clarity  .     z - +1 chain mail
rNeg   + . .     Conserve .     (no shield)
rPois  .         rCorr    .     (no helmet)
rElec  .         rRot     .     s - +0 cloak
SustAb . .       Spirit   .     r - +0 pair of gloves (curse)
rMut   .         Warding  +     (no boots)
Saprov . . .     Stasis   .     o - amulet of warding
                                (no ring)
                                l - +6,+6 ring of slaying {unknown}

@: regenerating, mighty, berserking (expiring), mildly poisoned, very quick,
very resistant to hostile enchantments, extremely unstealthy
A: no striking features
a: Burn Spellbooks, Berserk, Trog's Hand, Renounce Religion


You were on level 8 of the Dungeon.
You worshipped Trog.
Trog was most pleased with you.
You were hungry.

You visited 1 branch of the dungeon, and saw 8 of its levels.

You collected 147 gold pieces.

Inventory:

Hand weapons
 a - a +0,+0 elven falchion (weapon)
 h - a -1,-3 dwarven short sword
 j - a +1,+1 glaive
 y - a +0,+2 sabre of draining
Armour
 b - a +0 animal skin
 g - a +1 dwarven scale mail
 m - a +0 plate armour
 n - a cursed +0 leather armour
 p - a +0 pair of gloves
 r - a cursed +0 pair of gloves (worn)
 s - a +0 cloak (worn)
 z - a +1 chain mail (worn)
 B - a +0 orcish chain mail
Magical devices
 i - a wand of flame (10)
 x - a wand of frost (4)
Comestibles
 c - 2 bread rations
 D - a choko
Scrolls
 q - 3 scrolls of magic mapping {unknown}
 u - 2 scrolls of remove curse
 w - a scroll of curse weapon {unknown}
Jewellery
 l - a +6,+6 ring of slaying (left hand) {unknown}
 o - an amulet of warding (around neck)
 v - an uncursed amulet of resist mutation {unknown}
Potions
 d - 2 potions of heal wounds
 e - a potion of might
 f - 5 potions of curing
 k - a potion of restore abilities
Books
 C - a book of the Dragon

   Spells                             Type                      Level
   Flight                             Charms/Air                   3
   Cause Fear                         Hexes                        4
   Bolt of Fire                       Conjuration/Fire             6
   Dragon Form                        Transmutation                7
   Summon Dragon                      Summoning                    9
   Trog disapproves of the use of such an item.
Magical staves
 t - an uncursed staff of wizardry {unknown}
Carrion
 A - an iguana corpse


   Skills:
 + Level 4.2 Fighting
 * Level 5.8 Long Blades
 + Level 3.6 Armour
 + Level 4.9 Dodging
 + Level 3.5 Evocations


You had 7 spell levels left.
You didn't know any spells.

Dungeon Overview and Level Annotations

Branches:
Dungeon (8/16)
 Temple: D:4-7         Lair: D:8-11

Altars:
Cheibriados
Kikubaaqudgha

Annotations:
D:6 Torious' ghost, average DESu
D:8 Erolcha


Message History

The gnoll is severely wounded.
You closely miss the gnoll.
The gnoll is severely wounded.
The gnoll hits you but does no damage.
You slice the gnoll!!
You kill the gnoll!
Trog accepts your kill.
You hear some strange, mumbled words.
Something tries to affect you, but you resist.
You feel sick. It hits you!
Things that are here:
a flail; a trident of venom; a ring mail You hit it.
You closely miss it.
You feel sick. It hits you!
You completely miss it.
You feel sick.
You slash it!
You feel sick. It hits you!
* * * LOW HITPOINT WARNING * * *
You slash it! You slash it! It hits you!
You die...

#........## #......#.#
#........# #......#.#
#........# #........##
#.........###.#
#######..............
#...@)...............
#..#######............
#.. ####..####### #..
#..# #.# #.## #. #..
## ...# ....# .....


There were no monsters in sight!

Vanquished Creatures
  Eustachio (D:8)
  An ogre (D:4)
  An orc warrior (D:8)
  A centaur (D:4)
  A giant frog (D:6)
  A wyvern zombie (D:7)
  A gnoll sergeant (D:8)
  2 hounds
  2 orc priests
  A centaur zombie (D:7)
  A crimson imp (D:8)
  2 orc wizards
  A centaur skeleton (D:6)
  An iguana (D:8)
  2 gnolls (D:8)
  An adder (D:7)
  A scorpion zombie (D:6)
  3 giant geckos
  An ooze (D:2)
  11 orcs
  A bat (D:7)
  2 goblins
  2 hobgoblins (D:6)
  A jackal (D:8)
  3 quokkas
  A giant cockroach (D:3)
  A giant newt (D:4)
  A giant spore (D:6)
  5 kobolds
  A kobold zombie (D:7)
  An orc skeleton (D:4)
  5 rats
  3 ballistomycetes (D:6)
63 creatures vanquished.

Notes
Turn   | Place    | Note
--------------------------------------------------------------
     0 | D:1      | 4tharraofdagon, the Deep Elf Berserker, began the quest for the Orb.
     0 | D:1      | Reached XP level 1. HP: 13/13 MP: 2/2
   237 | D:3      | Reached XP level 2. HP: 18/18 MP: 4/4
   336 | D:3      | hurdos: fragile elf is berk :)
   343 | D:3      | hurdos: LOL
   353 | D:4      | Noticed an ogre
   375 | D:4      | Killed an ogre
   375 | D:4      | Reached skill level 3 in Fighting
   375 | D:4      | Reached XP level 3. HP: 23/23 MP: 6/6
   375 | D:4      | Reached XP level 4. HP: 28/28 MP: 8/8
   415 | D:4      | Noticed a centaur
   421 | D:4      | Killed a centaur
   421 | D:4      | Acquired Trog's second power
   421 | D:4      | Reached skill level 4 in Long Blades
   421 | D:4      | Reached XP level 5. HP: 32/32 MP: 10/10
   463 | D:4      | Found a snail-covered altar of Cheibriados.
   532 | D:5      | Entered Level 5 of the Dungeon
   686 | D:6      | Reached skill level 1 in Evocations
   686 | D:6      | Reached XP level 6. HP: 26/37 MP: 11/13
   972 | D:7      | Reached XP level 7. HP: 34/41 MP: 14/16
  1010 | D:7      | Reached skill level 5 in Long Blades
  1072 | D:7      | Found an ancient bone altar of Kikubaaqudgha.
  1157 | D:8      | Noticed Eustachio
  1168 | D:8      | Killed Eustachio
  1309 | D:6      | Noticed Torious' ghost (average DESu)
  1435 | D:8      | Reached XP level 8. HP: 44/48 MP: 19/19
  1461 | D:8      | Noticed Erolcha
  1482 | D:8      | Slain by Erolcha

Action                   |  1- 3 |  4- 6 |  7- 9 || total
-------------------------+-------+-------+-------++-------
Melee: Falchion          |    17 |    61 |   106 ||   184
       Short sword       |    13 |       |       ||    13
Invok: Berserk           |     3 |     3 |     5 ||    11
       Trog's Hand       |       |       |     5 ||     5
Evoke: Wand              |       |     1 |     1 ||     2
  Use: Scroll            |     3 |     3 |     1 ||     7
       Potion            |       |       |     2 ||     2
